 Dungeon Crawl Stone Soup version 0.26.0-11-g8f856b5395 (webtiles) character file.

Game seed: 7928646899623288750

16578 howech the Cruncher (level 12, -3/105 HPs)
             Began as a Minotaur Gladiator on Jan 13, 2021.
             Was the Champion of Cheibriados.
             Slain by a frost giant
             ... wielding a +1 battleaxe of freezing
              (5 damage)
             ... on level 11 of the Dungeon on Jan 14, 2021.
             The game lasted 00:35:05 (9178 turns).

howech the Cruncher (Minotaur Gladiator)            Turns: 9178, Time: 00:35:06

Health: -3/105     AC: 19    Str: 36    XL:     12   Next: 11%
Magic:  14/14      EV: 17    Int: 22    God:    Cheibriados [******]
Gold:   648        SH:  0    Dex: 28    Spells: 14/16 levels left

rFire    + . .     SeeInvis .   a - +0 quarterstaff
rCold    . . .     Faith    .   (shield currently unavailable)
rNeg     . . .     Spirit   .   r - +0 plate armour
rPois    .         Reflect  .   c - +0 hat
rElec    .         Harm     .   (no cloak)
rCorr    .         Rampage  .   u - +0 pair of gloves
Will     +....                  (no boots)
Stlth    ..........             k - amulet of regeneration
HPRegen  0.67/turn              x - +4 ring of protection
MPRegen  0.14/turn              F - ring of protection from fire

@: about to teleport, very slow
A: retaliatory headbutt, horns 2, low mp 1, strong-willed 1
a: Renounce Religion, Bend Time, Temporal Distortion, Slouch, Step From Time


You were on level 11 of the Dungeon.
You worshipped Cheibriados.
Cheibriados was exalted by your worship.
You visited 2 branches of the dungeon, and saw 12 of its levels.
You also visited: Sewer and Bailey.

You collected 648 gold pieces.

Inventory:

Hand Weapons
 a - a +0 quarterstaff (weapon)
Missiles
 d - a throwing net
 e - 74 boomerangs (quivered)
 s - 7 poisoned darts
 z - 2 javelins
 A - 7 silver javelins
Armour
 c - a +0 hat (worn)
 r - a +0 plate armour (worn)
 u - a +0 pair of gloves (worn)
Jewellery
 k - an amulet of regeneration (around neck)
 x - a +4 ring of protection (left hand)
 F - a ring of protection from fire (right hand)
 J - an uncursed ring of resist corrosion
 K - a +4 ring of evasion
Wands
 w - a wand of iceblast (8)
 B - a wand of polymorph (8)
 C - a wand of paralysis (10)
 H - a wand of disintegration (16)
 L - a wand of digging (1)
Scrolls
 f - 6 scrolls of fear
 g - 12 scrolls of identify
 i - 9 scrolls of remove curse
 m - 3 scrolls of fog
 o - 5 scrolls of immolation
 p - 9 scrolls of teleportation
 v - 2 scrolls of noise {unknown}
 y - 2 scrolls of amnesia {unknown}
 E - a scroll of enchant armour {unknown}
 G - a scroll of random uselessness {unknown}
 M - a scroll of silence {unknown}
Potions
 b - 3 potions of might
 h - 7 potions of curing
 j - 2 potions of attraction
 l - 3 potions of flight
 n - 3 potions of magic
 t - a potion of experience {unknown}
 D - 2 potions of brilliance {unknown}
Miscellaneous
 I - a lightning rod (4/4)


   Skills:
 + Level 9.6 Fighting
 + Level 10.0 Staves
 + Level 8.0 Throwing
 + Level 9.2 Armour
 + Level 9.2 Dodging
 + Level 2.5 Spellcasting
 + Level 2.7 Translocations
 + Level 7.3 Invocations
 + Level 3.2 Evocations


You had 14 spell levels left.
You knew the following spells:

 Your Spells              Type           Power        Failure   Level
a - Blink                 Tloc           N/A          34%         2

Your spell library contained the following spells:

 Spells                   Type           Power        Failure   Level
 Magic Dart               Conj           8%           58%         1
 Summon Small Mammal      Summ           8%           58%         1
 Call Imp                 Summ           2%           73%         2
 Searing Ray              Conj           4%           73%         2
 Slow                     Hex            2%           73%         2
 Call Canine Familiar     Summ           2%           91%         3
 Conjure Flame            Conj/Fire      2%           91%         3
 Dazzling Flash           Conj/Hex       4%           91%         3
 Mephitic Cloud           Conj/Pois/Air  2%           91%         3
 Summon Guardian Golem    Hex/Summ       2%           91%         3
 Iskenderun's Mystic Bla  Conj/Tloc      8%           99%         4
 Cause Fear               Hex            1%           100%        4
 Fulminant Prism          Conj/Hex       1%           100%        4
 Summon Ice Beast         Ice/Summ       2%           100%        4
 Summon Lightning Spire   Summ/Air       2%           100%        4
 Silence                  Hex/Air        1%           100%        5
 Yara's Violent Unravell  Hex/Tmut       1%           100%        5
 Discord                  Hex            1%           100%        8


Dungeon Overview and Level Annotations

Branches:
Dungeon (11/15)            Temple (1/1) D:4            Lair (0/6) D:11
    Orc (0/2) D:10          Sewer (visited)          Bailey (visited)

Altars:
Cheibriados
Hepliaklqana
Kikubaaqudgha
Makhleb
Nemelex Xobeh
Okawaru
Qazlal
Trog
Uskayaw
Yredelemnul
Zin

Shops:
D:4 *   D:7 [   D:10 [

Annotations:
D:5 1 runed translucent door
D:8 2 transporters


Innate Abilities, Weirdness & Mutations

You reflexively headbutt those who attack you in melee.
You have a pair of horns on your head.
Your magical capacity is low. (-10% MP)
You are strong-willed. (Will+)


Message History

The bolt of cold hits you!!!
Ouch! That really hurt!
* * * LOW HITPOINT WARNING * * *
Unknown command.
As you read the scroll of teleportation, it crumbles to dust.
You feel strangely unstable.
You feel much better. The frost giant casts a spell at you.
The bolt of cold hits you!!
* * * LOW HITPOINT WARNING * * *
Unknown command.
You feel much better.
The frost giant gestures at you while chanting.
The bolt of cold hits you!!
* * * LOW HITPOINT WARNING * * *
You feel better.
The frost giant hits you with a +1 battleaxe of freezing!
* * * LOW HITPOINT WARNING * * *
The frost giant freezes you.
You die...

#############
##.).#...#...###
....[..........##
....#..#..#.....##
(#############...##
##.c#. #..##...#
#o.... ...$##@.#
.....# #.... #C..#
...### ###...#...#
..## .#.#.#.# ...#
#####.# ..# .# #.#
# .# ..#


You could see a frost giant.

Vanquished Creatures
  Harold (D:7)
  A hydra (D:11)
  2 centaur warriors (D:11)
  A death knight (D:10)
  5 two-headed ogres
  A tengu warrior (D:11)
  Nergalle (D:10)
  Pikel (D:4)
  A cyclops (D:11)
  2 gargoyles (D:11)
  A troll (D:10)
  3 wraiths
  Menkaure (D:7)
  A soldier ant (D:5)
  2 water moccasins
  A sky beast (D:5)
  5 orc warriors
  3 black bears
  A phantom (D:10)
  9 ogres
  7 centaurs
  A big kobold (Sewer)
  3 gnoll sergeants
  6 bullfrogs
  2 scorpions
  A killer bee (D:5)
  24 wights
  2 howler monkeys
  3 centaur zombies
  2 quasits
  A jelly (D:10)
  2 bullfrog skeletons
  7 orc priests
  A gnoll shaman (D:9)
  4 hounds
  10 orc wizards
  5 iguanas
  13 worker ants
  A killer bee zombie (D:8)
  2 hound skeletons
  13 adders
  34 gnolls
  2 worker ant zombies
  2 river rats
  A white imp (D:10)
  4 oozes
  2 adder skeletons
  5 worms
  A dart slug (D:2)
  4 leopard geckos
  43 orcs
  8 bats
  10 giant cockroaches
  10 goblins
  21 hobgoblins
  11 jackals
  7 quokkas
  5 ball pythons
  2 frilled lizards
  A jackal skeleton (D:3)
  24 kobolds
  A leopard gecko skeleton (D:8)
  2 leopard gecko zombies
  A quokka zombie (D:6)
  14 rats
368 creatures vanquished.

Notes
Turn   | Place    | Note
-------+----------+-------------------------------------------
     0 | D:1      | howech the Minotaur Gladiator began the quest for the Orb.
     0 | D:1      | Reached XP level 1. HP: 18/18 MP: 0/0
   150 | D:1      | Reached XP level 2. HP: 25/25 MP: 1/1
   329 | D:1      | Reached skill level 1 in Armour
   365 | D:1      | You fall into a shaft and drop 1 floor!
   384 | D:2      | Reached skill level 4 in Staves
   384 | D:2      | Reached XP level 3. HP: 30/30 MP: 2/2
   582 | D:2      | Upgraded the game from 0.26.0-10-g1f06aea511 to
                  | 0.26.0-11-g8f856b5395
   916 | D:2      | Reached XP level 4. HP: 38/38 MP: 3/3
  1119 | D:2      | Found a hazy altar of Hepliaklqana.
  1123 | D:2      | Found a snail-covered altar of Cheibriados.
  1124 | D:2      | Found a bloodstained altar of Trog.
  1128 | D:2      | Became a worshipper of Cheibriados the Contemplative
  1137 | D:2      | Found a burning altar of Makhleb.
  1516 | D:3      | Found a faded altar of an unknown god.
  1602 | D:3      | Reached * piety under Cheibriados
  1666 | D:3      | Reached XP level 5. HP: 35/45 MP: 4/4
  1719 | D:3      | Found a glowing drain.
  1776 | Sewer    | Entered a sewer
  1873 | Sewer    | Reached ** piety under Cheibriados
  1886 | Sewer    | Reached skill level 1 in Invocations
  2057 | Sewer    | Gained mutation: Your magical capacity is low. (-10% MP)
                  | [potion of mutation]
  2057 | Sewer    | Gained mutation: You are strong-willed. (Will+) [potion of
                  | mutation]
  2069 | Sewer    | Reached XP level 6. HP: 49/52 MP: 5/5
  2298 | D:4      | Reached skill level 5 in Staves
  2371 | D:4      | Found a staircase to the Ecumenical Temple.
  2383 | D:4      | Reached XP level 7. HP: 50/60 MP: 6/6
  2386 | Temple   | Entered the Ecumenical Temple
  2501 | D:4      | Found Diteig's Assorted Antiques.
  2503 | D:4      | Noticed Pikel
  2521 | D:4      | Killed Pikel
  2522 | D:4      | Reached skill level 5 in Fighting
  2522 | D:4      | Reached skill level 5 in Dodging
  2522 | D:4      | Reached XP level 8. HP: 59/68 MP: 6/8
  2971 | D:5      | Entered Level 5 of the Dungeon
  3024 | D:5      | Found a hide-covered altar of Uskayaw.
  3029 | D:5      | Found a glowing silver altar of Zin.
  3044 | D:5      | Reached skill level 6 in Staves
  3196 | D:5      | Found a runed translucent door.
  3208 | D:5      | Found a runed translucent door.
  3383 | D:5      | Reached *** piety under Cheibriados
  3701 | D:5      | Reached skill level 5 in Armour
  3883 | D:6      | Found a basalt altar of Yredelemnul.
  4011 | D:6      | Reached skill level 5 in Throwing
  4194 | D:6      | Reached **** piety under Cheibriados
  4198 | D:6      | Reached XP level 9. HP: 73/77 MP: 9/9
  4528 | D:7      | Found Iluthryd's Armour Shoppe.
  4549 | D:7      | Reached skill level 7 in Staves
  4863 | D:7      | Found an iron altar of Okawaru.
  5020 | D:7      | Noticed Harold
  5041 | D:7      | Killed Harold
  5042 | D:7      | Reached skill level 5 in Invocations
  5239 | D:7      | Noticed Menkaure
  5247 | D:7      | Killed Menkaure
  5543 | D:8      | Found a transporter.
  5543 | D:8      | Found a transporter.
  5543 | D:8      | Noticed a boulder beetle
  5688 | D:8      | Reached skill level 8 in Staves
  5731 | D:8      | Reached XP level 10. HP: 79/86 MP: 11/11
  5759 | D:8      | Noticed a two-headed ogre
  5765 | D:8      | Killed a two-headed ogre
  5833 | D:8      | Found a sparkling altar of Nemelex Xobeh.
  5848 | D:8      | Noticed a two-headed ogre
  5855 | D:8      | Killed a two-headed ogre
  5952 | D:8      | Reached ***** piety under Cheibriados
  6690 | D:9      | Learned a level 2 spell: Blink
  6796 | D:9      | Reached skill level 9 in Staves
  6831 | D:9      | Found a stormy altar of Qazlal.
  7059 | D:10     | Entered Level 10 of the Dungeon
  7086 | D:10     | Noticed a two-headed ogre
  7093 | D:9      | Reached ****** piety under Cheibriados
  7094 | D:9      | Reached skill level 1 in Spellcasting
  7097 | D:9      | Reached skill level 1 in Translocations
  7109 | D:10     | Killed a two-headed ogre
  7110 | D:10     | Reached skill level 1 in Evocations
  7110 | D:10     | Reached XP level 11. HP: 59/95 MP: 13/13
  7116 | D:10     | Noticed a death knight
  7130 | D:10     | Killed a death knight
  7140 | D:10     | Found a staircase to the Orcish Mines.
  7140 | D:10     | Found Padet's Armour Shoppe.
  7246 | D:10     | Found a flagged portal.
  7255 | Bailey   | Entered a bailey
  7824 | D:10     | Noticed Nergalle
  7850 | D:10     | Killed Nergalle
  8017 | D:10     | Noticed a two-headed ogre
  8021 | D:10     | Killed a two-headed ogre
  8419 | D:11     | Found a staircase to the Lair.
  8432 | D:11     | Noticed a seven-headed hydra
  8443 | D:11     | Killed a seven-headed hydra
  8519 | D:11     | Noticed a two-headed ogre
  8524 | D:11     | Killed a two-headed ogre
  9019 | D:11     | Noticed a tengu warrior
  9034 | D:11     | Killed a tengu warrior
  9035 | D:11     | Reached XP level 12. HP: 84/105 MP: 14/14
  9073 | D:11     | Noticed a centaur warrior
  9080 | D:11     | Killed a centaur warrior
  9108 | D:11     | Noticed a centaur warrior
  9112 | D:11     | Noticed a centaur warrior
  9119 | D:11     | Killed a centaur warrior
  9120 | D:11     | Reached skill level 10 in Staves
  9171 | D:11     | Noticed a frost giant
  9177 | D:11     | HP: 3/105 [frost giant/bolt of cold (35)]
  9178 | D:11     | Slain by a frost giant

Illustrated notes

Levels and vault maps discovered:
D:1:      dpeg_arrival_court, layout_basic, minmay_pentomino_p4
D:2:      layout_basic, minitemple, minmay_misc_feat_alley
D:3:      layout_rooms, portal_sewer_entry_a, chequers_ecumenical_altar_simple
D:4:      layout_loops_ring, minmay_temple_entry_glass,
          nicolae_ossuary_entry_monument, serial_shops, shop, uniq_pikel
D:5:      lemuel_insect_pit, layout_loops_ring, grunt_temple_overflow_open,
          grunt_ministairs_2
D:6:      layout_loops_ring, old_standard_altar
D:7:      layout_basic, serial_shops, shop, basic_altar, uniq_harold,
          uniq_menkaure
D:8:      gammafunk_boulding_lane, layout_basic, lemuel_doored_altar,
          minmay_small_thing
D:9:      layout_rooms, nicolae_qazlal_general_emergency,
          kennysheep_generic_room_7
D:10:     layout_layer_cave, orc_david_3, enter_bailey_3,
          minmay_strange_pillars, uniq_nergalle
D:11:     minmay_tile_spiral, layout_cave_pods, lair_entry_dummy
Temple:   dshaligram_water_room_temple

Skill      XL: |  1  2  3  4  5  6  7  8  9 10 11 12 |
---------------+-------------------------------------+-----
Armour         | 1 2 3 4 5 7 8 9 |  9.2
Staves         | 4 5 6 8 9 10 | 10.0
Fighting       | 3 4 5 6 7 8 9 |  9.6
Dodging        | 4 5 6 7 8 9 |  9.2
Throwing       | 3 4 5 6 7 8 |  8.0
Invocations    | 1 2 4 5 6 7 |  7.3
Spellcasting   | 1 2 |  2.5
Translocations | 1 2 |  2.7
Evocations     | 1 3 |  3.2

Action                   |  1- 3 |  4- 6 |  7- 9 | 10-12 || total
-------------------------+-------+-------+-------+-------++-------
Melee: Quarterstaff      |    89 |   155 |   243 |   354 ||   841
       Headbutt          |    13 |    30 |    71 |   146 ||   260
Throw: Throwing net      |       |       |     7 |     3 ||    10
       Boomerang         |       |       |       |    79 ||    79
Invok: Slouch            |       |       |       |     1 ||     1
  Use: Scroll            |       |     3 |       |    10 ||    13
       Potion            |       |     3 |     4 |     7 ||    14
 Stab: Held in net/web   |       |       |     1 |     1 ||     2
Armor: Chain mail        |    61 |    16 |       |       ||    77
       Plate armour      |       |    77 |   106 |   219 ||   402
Dodge: Dodged            |    43 |    74 |   150 |   395 ||   662
